[Event "Titled Tuesday Blitz November 22 Late 2022"]
[White "Sargsyan, Anna M."]
[Black "Young, Ryan"]
[WhiteFideId "13308130"]
[BlackFideId "2049945"]
[WhiteElo "2284"]
[BlackElo "2300"]
[Result "1-0"]
[Round "01"]
[TimeControl "180+1"]
[Date "2022.11.23"]
[WhiteClock "0:01:09"]
[BlackClock "0:00:19"]

1. d4 Nf6 2. c4 g6 3. g3 Bg7 4. Bg2 O-O 5. Nc3 d6 6. Nf3 Nc6 7. O-O e5 8. dxe5 dxe5 9. Bg5 Be6 10. Nd2 a6 11. Qc1 Re8 12. Nd5 Bxd5 13. cxd5 Nd4 14. Re1 h6 15. Bxf6 Qxf6 16. e3 Nb5 17. a4 Nd6 18. Qxc7 Rac8 19. Qb6 Rc2 20. Rad1 Rec8 21. b3 Bf8 22. Rf1 Qd8 23. Qxd8 Rxd8 24. Nf3 Bg7 25. Rc1 Rdc8 26. Rxc2 Rxc2 27. Rb1 Kf8 28. Kf1 Ke7 29. Ne1 Ra2 30. Nd3 b6 31. Nb4 a5 32. Nxa2 1-0


[Site "https://www.chess.com"]

[Event "Titled Tuesday Blitz November 22 Late 2022"]
[White "Sariego Figueredo, Wilfredo"]
[Black "Oro, Faustino"]
[WhiteFideId "3500080"]
[BlackFideId "20000197"]
[WhiteElo "2309"]
[BlackElo "2066"]
[Result "0-1"]
[Round "01"]
[TimeControl "180+1"]
[Date "2022.11.23"]
[WhiteClock "0:00:01"]
[BlackClock "0:00:07"]

1. d4 Nf6 2. Bf4 e6 3. e3 d5 4. Nf3 Bd6 5. Bg3 O-O 6. Bd3 c5 7. c3 Qc7 8. Ne5 Nbd7 9. f4 Rb8 10. O-O c4 11. Bc2 b5 12. a3 a5 13. Nd2 b4 14. axb4 axb4 15. Bh4 bxc3 16. bxc3 Rb2 17. Rf3 Bb7 18. Rh3 g6 19. Bg5 Rb8 20. Nxd7 Nxd7 21. Nf3 Bf8 22. Ne5 Bg7 23. Bh6 Bc8 24. Bxg7 Kxg7 25. Rc1 Nf6 26. Ng4 Ng8 27. Ne5 R8b6 28. Qg4 Qe7 29. Nf3 h6 30. Ne5 Qf6 31. Qf3 Ra2 32. g4 Rbb2 33. Qd1 Bb7 34. Bb1 Ra1 35. g5 hxg5 36. fxg5 Qxg5+ 37. Rg3 Qh4 38. Nf3 Qf6 39. Ne5 Ne7 0-1


[Site "https://www.chess.com"]

[Event "Titled Tuesday Blitz November 22 Late 2022"]
[White "Sattarov, Bobir"]
[Black "Khandelwal, Ankush"]
[WhiteFideId "14203081"]
[BlackFideId "413470"]
[WhiteElo "2354"]
[BlackElo "2271"]
[Result "0-1"]
[Round "01"]
[TimeControl "180+1"]
[Date "2022.11.23"]
[WhiteClock "0:00:04"]
[BlackClock "0:00:08"]

1. e4 c5 2. Nc3 a6 3. g3 b5 4. Bg2 Bb7 5. Nge2 Nf6 6. d4 cxd4 7. Nxd4 e6 8. O-O b4 9. Na4 Bxe4 10. Bxe4 Nxe4 11. c4 Nc5 12. Re1 Qf6 13. Be3 Nxa4 14. Qxa4 Bc5 15. Nb3 Bxe3 16. Rxe3 Nc6 17. Rd1 Qxb2 18. Nc5 O-O 19. Nxd7 Rfc8 20. Nb6 b3 21. Rxb3 Qc2 22. Rdb1 Nd4 23. Rb4 Nf3+ 24. Kg2 Qe4 25. c5 Nh4+ 26. Kh3 Qg2+ 27. Kxh4 Qxh2+ 28. Kg4 h5+ 29. Kf3 Rxc5 30. Nxa8 Rc3+ 31. Ke4 Qg2+ 32. Kd4 Qf3 33. Rc4 Qd3+ 34. Kc5 Qd5+ 35. Kb6 Rxc4 36. Qe8+ Kh7 37. Nc7 Qc5+ 38. Kb7 Qxc7+ 39. Kxa6 Rc6+ 40. Kb5 Rb6+ 41. Ka4 Qa7# 0-1


[Site "https://www.chess.com"]

[Event "Titled Tuesday Blitz November 22 Late 2022"]
[White "Shapiro, Daniel"]
[Black "Barria Zuniga, Daniel"]
[WhiteFideId "2001780"]
[BlackFideId "3400816"]
[WhiteElo "2307"]
[BlackElo "2414"]
[Result "1/2-1/2"]
[Round "01"]
[TimeControl "180+1"]
[Date "2022.11.23"]
[WhiteClock "0:00:28"]
[BlackClock "0:00:05"]

1. d4 Nf6 2. c4 e6 3. g3 d5 4. Nf3 Be7 5. Bg2 O-O 6. O-O dxc4 7. Ne5 a5 8. Nxc4 c6 9. Nc3 Nd5 10. Bd2 b5 11. Ne5 Bb7 12. Ne4 Qb6 13. e3 c5 14. dxc5 Bxc5 15. Nxc5 Qxc5 16. Rc1 Qd6 17. Bc3 b4 18. Bd4 Nd7 19. Nc4 Qa6 20. e4 N5f6 21. Re1 Rfd8 22. Qe2 Rac8 23. b3 h6 24. e5 Bxg2 25. exf6 Bd5 26. fxg7 e5 27. Bb2 Bxc4 28. Rxc4 Rxc4 29. bxc4 Qe6 30. Rd1 Rc8 31. Rc1 f6 32. Bd4 Kxg7 33. Be3 Qf5 34. c5 Nb8 35. Qb5 Nc6 36. Rd1 Kg6 37. Rd6 Qb1+ 38. Kg2 Qe4+ 39. Kg1 Qb1+ 40. Kg2 Qe4+ 41. Kg1 Qb1+ 1/2-1/2


[Site "https://www.chess.com"]

[Event "Titled Tuesday Blitz November 22 Late 2022"]
[White "Sokolovsky, Yahli"]
[Black "Schmidt, Harald"]
[WhiteFideId "2820242"]
[BlackFideId "4648358"]
[WhiteElo "2316"]
[BlackElo "2279"]
[Result "1-0"]
[Round "01"]
[TimeControl "180+1"]
[Date "2022.11.23"]
[WhiteClock "0:00:23"]
[BlackClock "0:00:18"]

1. b3 c5 2. Bb2 Nc6 3. e3 a6 4. Nf3 d5 5. d4 Bg4 6. Be2 Nf6 7. O-O e6 8. h3 Bh5 9. Ne5 Bxe2 10. Qxe2 Rc8 11. f4 Be7 12. Nd2 O-O 13. a3 cxd4 14. exd4 Qb6 15. Qe3 Rfe8 16. Rac1 Qa5 17. Kh2 Qc7 18. g4 Nd7 19. Ndf3 f6 20. Nxd7 Qxd7 21. g5 Bd6 22. Kh1 Ne7 23. gxf6 gxf6 24. Ne5 fxe5 25. fxe5 Bc7 26. Qg5+ Ng6 27. Rf6 Bd8 28. Rxg6+ hxg6 29. Qxg6+ Kh8 30. Qh5+ Qh7 31. Qxe8+ Qg8 32. Qh5+ Qh7 33. Qxh7+ Kxh7 34. c4 Bg5 35. Rg1 Bh6 36. c5 Rf8 37. Kg2 Kg6 38. Rf1 Rxf1 39. Kxf1 Kf5 40. Bc3 Ke4 41. Ke2 Bc1 42. a4 a5 43. h4 Bf4 44. h5 Bh6 45. Bb2 Bg5 46. Ba1 Bh6 47. Bc3 Bg5 48. Bd2 Be7 49. h6 Bf8 50. h7 Bg7 51. Bg5 1-0


[Site "https://www.chess.com"]

[Event "Titled Tuesday Blitz November 22 Late 2022"]
[White "Sreyas Payyappat"]
[Black "Djordjevic, Vuk"]
[WhiteFideId "46674969"]
[BlackFideId "902098"]
[WhiteElo "2083"]
[BlackElo "2456"]
[Result "1-0"]
[Round "01"]
[TimeControl "180+1"]
[Date "2022.11.23"]
[WhiteClock "0:01:37"]
[BlackClock "0:00:02"]

1. e4 d5 2. exd5 Qxd5 3. d4 e5 4. Nf3 Nc6 5. c4 Bb4+ 6. Nc3 Qe4+ 7. Be3 Bf5 8. d5 Bxc3+ 9. bxc3 Nce7 10. Qb3 b6 11. O-O-O Bg6 12. Bd3 Qg4 13. Nxe5 Qc8 14. Bxg6 hxg6 15. c5 Rh5 16. f4 f6 17. Nc6 Nxc6 18. dxc6 Ne7 19. Rhe1 bxc5 20. Bxc5 Rxc5 21. Qg8# 1-0


[Site "https://www.chess.com"]

[Event "Titled Tuesday Blitz November 22 Late 2022"]
[White "Stanisz, Patryk"]
[Black "Maatman, Nick"]
[WhiteFideId "1123106"]
[BlackFideId "1040391"]
[WhiteElo "2069"]
[BlackElo "2616"]
[Result "1-0"]
[Round "01"]
[TimeControl "180+1"]
[Date "2022.11.23"]
[WhiteClock "0:01:10"]
[BlackClock "0:00:13"]

1. d4 d5 2. c4 e6 3. Nc3 Be7 4. Nf3 Nf6 5. Bf4 c5 6. e3 O-O 7. dxc5 Bxc5 8. Qc2 Nc6 9. a3 Qe7 10. Bg5 dxc4 11. Bxc4 h6 12. Bh4 Qc7 13. Bxf6 gxf6 14. O-O-O a6 15. Ba2 b5 16. Nxb5 Qe7 17. Nbd4 Nxd4 18. Nxd4 f5 19. Nc6 Qh4 20. Qxc5 Bb7 21. Qb4 Qf6 22. Qxb7 1-0


[Site "https://www.chess.com"]

[Event "Titled Tuesday Blitz November 22 Late 2022"]
[White "Storey, Charles H"]
[Black "Goltsev, Dmitry"]
[WhiteFideId "406686"]
[BlackFideId "24176710"]
[WhiteElo "2252"]
[BlackElo "2289"]
[Result "1-0"]
[Round "01"]
[TimeControl "180+1"]
[Date "2022.11.23"]
[WhiteClock "0:00:07"]
[BlackClock "0:00:42"]

1. c4 Nf6 2. g3 h5 3. h4 e5 4. Bg2 d6 5. Nc3 c6 6. d3 Bg4 7. Nf3 Be7 8. Ng5 Na6 9. f3 Bd7 10. Be3 Nc5 11. Bf2 Nh7 12. Nge4 Ne6 13. Qb3 f5 14. Nd2 Qc7 15. e3 g5 16. hxg5 Nhxg5 17. O-O-O O-O-O 18. f4 Nf7 19. Bf3 h4 20. gxh4 exf4 21. exf4 Nxf4 22. Bxa7 Nxd3+ 23. Kb1 b5 24. cxb5 Qxa7 25. bxc6 Nfe5 26. cxd7+ Kxd7 27. Qb5+ Ke6 28. Bd5+ Kf6 29. Nde4+ fxe4 30. Nxe4+ Kg7 31. Rdg1+ Kh6 32. Ng5 Rb8 33. Nf7+ Nxf7 34. Qxd3 Ne5 35. Qd2+ Kh5 36. Rg5+ Kh6 37. Rxe5+ Kg7 38. Rg5+ Kf8 39. Rf1+ Ke8 40. Qf4 Rf8 41. Bc6+ Kd8 42. Qxf8+ Bxf8 43. Rxf8+ Kc7 44. Rf7+ Kb6 45. Rxa7 Kxa7 46. Bd5 Rf8 47. h5 Kb6 48. h6 Kc5 49. h7 Rh8 50. Bg8+ Kd4 51. Kc2 Ke3 52. Rg1 d5 53. Re1+ Kf4 54. Rd1 Ke3 55. Rxd5 Kf4 56. Rd1 Ke3 57. b4 Ke2 58. b5 Kf2 59. b6 Kg3 60. b7 Kh3 61. b8=Q Kh4 62. Rg1 Kh3 63. Qg3# 1-0


[Site "https://www.chess.com"]

[Event "Titled Tuesday Blitz November 22 Late 2022"]
[White "Svane, Rasmus"]
[Black "Droin, Augustin"]
[WhiteFideId "4657101"]
[BlackFideId "45105987"]
[WhiteElo "2674"]
[BlackElo "2316"]
[Result "1-0"]
[Round "01"]
[TimeControl "180+1"]
[Date "2022.11.22"]
[WhiteClock "0:02:42"]
[BlackClock "0:02:19"]

1. Nf3 d5 2. g3 Nf6 3. Bg2 Bg4 4. O-O Nbd7 5. h3 Bh5 6. d4 e6 7. c4 c6 8. cxd5 cxd5 9. Qb3 Qb6 10. Nc3 Qxb3 11. axb3 a6 12. Bf4 Rc8 13. Rac1 Be7 14. Nxd5 Rxc1 15. Nxf6+ Nxf6 16. Rxc1 O-O 1-0


[Site "https://www.chess.com"]

[Event "Titled Tuesday Blitz November 22 Late 2022"]
[White "Swiercz, Dariusz"]
[Black "Graif, William"]
[WhiteFideId "1126881"]
[BlackFideId "2609835"]
[WhiteElo "2627"]
[BlackElo "2205"]
[Result "1-0"]
[Round "01"]
[TimeControl "180+1"]
[Date "2022.11.22"]
[WhiteClock "0:00:18"]
[BlackClock "0:00:02"]

1. e4 e5 2. Nf3 Bc5 3. Bc4 Nf6 4. d3 Nc6 5. c3 d6 6. O-O a6 7. a4 Ba7 8. Be3 Bxe3 9. fxe3 O-O 10. Nbd2 d5 11. exd5 Nxd5 12. Qe2 h6 13. Rf2 Be6 14. Raf1 Qe7 15. d4 exd4 16. exd4 Nf4 17. Qd1 Bxc4 18. Nxc4 Rad8 19. Nfe5 Nxe5 20. Nxe5 g5 21. Qg4 f6 22. Rxf4 fxe5 23. Rxf8+ Rxf8 24. Rxf8+ Qxf8 25. Qe6+ Kh7 26. Qxe5 Qf7 27. Qe4+ Kg7 28. Qxb7 Qe7 29. h3 Qe3+ 30. Kh2 Qf4+ 31. g3 Qd2+ 32. Qg2 Qc1 33. Qe2 1-0


[Site "https://www.chess.com"]

[Event "Titled Tuesday Blitz November 22 Late 2022"]
[White "Taboas Rodriguez, Daniel"]
[Black "Keymer, Vincent"]
[WhiteFideId "2208466"]
[BlackFideId "12940690"]
[WhiteElo "2329"]
[BlackElo "2600"]
[Result "0-1"]
[Round "01"]
[TimeControl "180+1"]
[Date "2022.11.22"]
[WhiteClock "0:00:55"]
[BlackClock "0:01:25"]

1. d4 Nf6 2. Nf3 e6 3. c4 d5 4. Nc3 c6 5. Bg5 h6 6. Bxf6 Qxf6 7. e3 g6 8. Bd3 Nd7 9. O-O Bg7 10. Qe2 O-O 11. e4 dxc4 12. Bxc4 Qe7 13. e5 b5 14. Bb3 Bb7 15. Ne4 c5 16. Nxc5 Nxc5 17. dxc5 Qxc5 18. Rfe1 Rac8 19. Rad1 a5 20. Rd7 Bc6 21. Rd2 a4 22. Bd1 Bxf3 23. gxf3 Qb4 24. Rd3 Rfd8 25. Bc2 Qxb2 26. Rb1 Qxa2 27. Rxb5 a3 28. Rb7 Rxd3 29. Bxd3 Qxe2 30. Bxe2 a2 31. Ra7 Rc1+ 0-1


[Site "https://www.chess.com"]

[Event "Titled Tuesday Blitz November 22 Late 2022"]
[White "Tarnowska, Aleksandra"]
[Black "Milchev, Nikolay"]
[WhiteFideId "1180967"]
[BlackFideId "2906090"]
[WhiteElo "1776"]
[BlackElo "2449"]
[Result "1-0"]
[Round "01"]
[TimeControl "180+1"]
[Date "2022.11.23"]
[WhiteClock "0:00:08"]
[BlackClock "0:01:34"]

1. e4 Nf6 2. e5 Nd5 3. Nf3 d6 4. d4 g6 5. Bc4 Nb6 6. Bb3 Bg7 7. O-O O-O 8. h3 dxe5 9. dxe5 Qxd1 10. Rxd1 Nc6 11. Bf4 a5 12. a4 Be6 13. Nbd2 Rad8 14. Ne4 Bxb3 15. cxb3 Nd5 16. Bg3 e6 17. Rac1 Ndb4 18. Nf6+ Kh8 19. Nd7 Rfe8 20. Nf6 Rxd1+ 21. Rxd1 Rd8 22. Rxd8+ Nxd8 23. Ng5 h6 24. Nge4 Ndc6 25. Nc5 b6 26. Ncd7 Nd3 27. Ne8 Nxb2 28. Nxc7 Nd3 29. Na8 Ndxe5 30. Nxe5 Nxe5 31. Nxb6 Nd3 32. Nc4 Bc3 33. Bc7 Nc5 34. Bxa5 Bd4 35. b4 Nxa4 36. b5 Nc5 37. Bb6 Nb3 38. Bxd4+ Nxd4 39. b6 Nc6 40. b7 Nb8 41. f4 Kg8 42. Kf2 Kf8 43. Ke3 Ke7 44. Kd4 f6 45. Kc5 Kd7 46. Kb6 g5 47. fxg5 hxg5 48. Ka7 Kc7 49. Na3 Nc6+ 50. Ka8 e5 51. Nb5+ Kb6 52. Nd6 Kc7 53. Ne8+ Kd7 54. Nxf6+ Ke6 55. Ng4 Kf5 56. b8=Q Nxb8 57. Kxb8 Kf4 58. Kc7 e4 59. Kd6 e3 60. Nxe3 Kxe3 61. Ke5 Kf2 62. g4 Kg2 63. Kf5 Kxh3 64. Kxg5 Kg3 65. Kf5 Kh4 66. g5 Kh5 67. Kf6 Kg4 68. g6 1-0


[Site "https://www.chess.com"]

[Event "Titled Tuesday Blitz November 22 Late 2022"]
[White "Thomas, Anysia"]
[Black "Lewtak, Damian"]
[WhiteFideId "670472"]
[BlackFideId "1141724"]
[WhiteElo "2069"]
[BlackElo "2329"]
[Result "1-0"]
[Round "01"]
[TimeControl "180+1"]
[Date "2022.11.23"]
[WhiteClock "0:00:57"]
[BlackClock "0:00:13"]

1. d4 d5 2. c4 c6 3. Nf3 Nf6 4. e3 Bf5 5. Nc3 e6 6. Nh4 Bg6 7. g3 Nbd7 8. Be2 Be7 9. O-O O-O 10. b3 Re8 11. Bb2 Rc8 12. Nxg6 hxg6 13. Bf3 Bf8 14. e4 dxe4 15. Nxe4 Nxe4 16. Bxe4 e5 17. Bg2 Bd6 18. Qd2 exd4 19. Bxd4 Be5 20. Rad1 Nb6 21. Qb2 Bxd4 22. Rxd4 Qf6 23. Qd2 Rcd8 24. Rxd8 Rxd8 25. Qa5 Ra8 26. Re1 Qd8 27. Bh3 Kh7 28. Qe5 a5 29. Bg2 a4 30. Be4 axb3 31. axb3 Rc8 32. h4 Kg8 33. h5 gxh5 34. Qxh5 Qd2 35. Bh7+ 1-0


[Site "https://www.chess.com"]

[Event "Titled Tuesday Blitz November 22 Late 2022"]
[White "Tirelli, Mauro"]
[Black "Principe, Gerson"]
[WhiteFideId "845353"]
[BlackFideId "3804550"]
[WhiteElo "2166"]
[BlackElo "2280"]
[Result "0-1"]
[Round "01"]
[TimeControl "180+1"]
[Date "2022.11.23"]
[WhiteClock "0:00:01"]
[BlackClock "0:01:57"]

1. d4 Nf6 2. c4 e6 3. Nc3 Bb4 4. e3 O-O 5. Bd3 d5 6. Nf3 dxc4 7. Bxc4 b6 8. O-O Bb7 9. a3 Be7 10. Qe2 Nbd7 11. Rd1 a6 12. b4 Re8 13. Rb1 Qc8 14. e4 c5 15. bxc5 bxc5 16. d5 exd5 17. exd5 Bd6 18. Qc2 Qc7 19. Bg5 h6 20. Bh4 Rab8 21. Bg3 Bxg3 22. hxg3 Qd6 23. Ne2 Nb6 24. Nf4 Red8 25. Bf1 Nbxd5 26. Qf5 Qe7 27. Ne5 Nxf4 0-1


[Site "https://www.chess.com"]

[Event "Titled Tuesday Blitz November 22 Late 2022"]
[White "Todev, Simeon"]
[Black "Hjartarson, Johann"]
[WhiteFideId "2925133"]
[BlackFideId "2300044"]
[WhiteElo "1938"]
[BlackElo "2458"]
[Result "0-1"]
[Round "01"]
[TimeControl "180+1"]
[Date "2022.11.23"]
[WhiteClock "0:00:20"]
[BlackClock "0:01:05"]

1. e4 g6 2. d4 Bg7 3. Nf3 d6 4. Bc4 a6 5. a4 b6 6. Nc3 e6 7. h4 h6 8. Qe2 Bb7 9. e5 d5 10. Bd3 c5 11. b3 Nd7 12. Be3 Ne7 13. g4 Qc7 14. a5 cxd4 15. Bxd4 Nc6 16. axb6 Nxd4 17. bxc7 Nxe2 18. Nxe2 Nxe5 19. Nxe5 Bxe5 20. Ra4 Bxc7 21. Kd2 Ke7 22. Rha1 a5 23. c4 Bb6 24. Ke1 dxc4 25. Bxc4 Rhd8 26. R4a2 Bc5 27. Kf1 Bb4 28. Ng3 Rd4 29. Be2 Rc8 30. Rd1 Rxd1+ 31. Bxd1 Bd5 32. Ke2 Rc3 33. Rb2 Bf3+ 34. Kd2 Rxb3+ 35. Kc1 Bxd1 36. Ra2 Bxg4 37. Rd2 0-1


[Site "https://www.chess.com"]

[Event "Titled Tuesday Blitz November 22 Late 2022"]
[White "Toncheva, Nadya"]
[Black "Sadhwani, Raunak"]
[WhiteFideId "2924056"]
[BlackFideId "35093487"]
[WhiteElo "2101"]
[BlackElo "2656"]
[Result "0-1"]
[Round "01"]
[TimeControl "180+1"]
[Date "2022.11.22"]
[WhiteClock "0:00:05"]
[BlackClock "0:00:55"]

1. d4 Nf6 2. c4 g6 3. Nc3 Bg7 4. e4 d6 5. Be2 O-O 6. Bg5 c5 7. d5 e6 8. Qd2 exd5 9. exd5 Re8 10. Nf3 Bg4 11. O-O Nbd7 12. Rfe1 a6 13. h3 Bxf3 14. Bxf3 Ne5 15. Be2 Qc7 16. Bf1 h5 17. a4 Nh7 18. Bf4 Re7 19. Rac1 Rae8 20. b3 f5 21. Bg3 Qa5 22. f4 Nf7 23. Nb1 Bd4+ 24. Kh1 Qxd2 25. Nxd2 Be3 26. Red1 Nf6 27. Bd3 Kg7 28. Rc2 Bxd2 29. Rcxd2 Ne4 30. Bxe4 Rxe4 31. Kg1 b5 32. axb5 axb5 33. Rc1 Ra8 34. Kf2 Ra3 35. Rb2 h4 36. Bh2 b4 37. Re1 Kf6 38. Rxe4 fxe4 39. Ke3 Kf5 40. Bg1 Nd8 41. Bf2 Nb7 42. Bxh4 Na5 43. Be7 Nxc4+ 44. Ke2 Nxb2 45. Bxd6 Nd3 46. g4+ Kf6 0-1


[Site "https://www.chess.com"]

[Event "Titled Tuesday Blitz November 22 Late 2022"]
[White "Torres Dominguez, David"]
[Black "Skatchkov, Valery"]
[WhiteFideId "2220857"]
[BlackFideId "24195812"]
[WhiteElo "2037"]
[BlackElo "2147"]
[Result "0-1"]
[Round "01"]
[TimeControl "180+1"]
[Date "2022.11.23"]
[WhiteClock "0:00:08"]
[BlackClock "0:02:17"]

1. e4 e5 2. Bc4 Nf6 3. Nc3 Nxe4 4. Qh5 Nd6 5. Qxe5+ Qe7 6. Qxe7+ Bxe7 7. Be2 O-O 8. Nd5 Bd8 9. c3 c6 10. Ne3 Ne4 11. d3 Nf6 12. Nf3 d5 13. Bd2 Na6 14. O-O-O Nc5 15. Rhe1 a5 16. Nd4 a4 17. f3 Bc7 18. g3 Bd7 19. Ndf5 Rfe8 20. d4 Ne6 21. Ng2 a3 22. b3 h6 23. Bd3 c5 24. Re2 cxd4 25. Nxd4 Nxd4 26. Rxe8+ Rxe8 27. cxd4 Bb6 28. Bb4 Bxd4 29. Bxa3 Bh3 30. Nf4 Be3+ 31. Kb1 Bxf4 32. gxf4 Re3 33. Bd6 Rxf3 34. Bc2 Ne4 35. Bxe4 dxe4 36. Re1 Bf5 37. Kc1 Rf2 38. a4 Rxh2 39. b4 Ra2 40. a5 h5 41. Re3 h4 42. Rc3 h3 43. Kb1 h2 44. Rc1 Rg2 0-1


[Site "https://www.chess.com"]

[Event "Titled Tuesday Blitz November 22 Late 2022"]
[White "Trent, Lawrence"]
[Black "Bluebaum, Matthias"]
[WhiteFideId "408638"]
[BlackFideId "24651516"]
[WhiteElo "2458"]
[BlackElo "2633"]
[Result "1/2-1/2"]
[Round "01"]
[TimeControl "180+1"]
[Date "2022.11.22"]
[WhiteClock "0:00:26"]
[BlackClock "0:00:18"]

1. d4 Nf6 2. Nc3 d5 3. Bf4 c5 4. e4 Nxe4 5. Nxe4 dxe4 6. dxc5 Qa5+ 7. Qd2 Qxc5 8. O-O-O Nc6 9. Ne2 Bf5 10. Ng3 Rd8 11. Qe1 Rxd1+ 12. Qxd1 g6 13. Nxf5 gxf5 14. Be3 Qa5 15. Bc4 Bg7 16. Qd5 Qxd5 17. Bxd5 O-O 18. Rd1 Be5 19. g3 Rc8 20. Bxc6 Rxc6 21. Rd7 Rc7 22. Rd5 f6 23. Bxa7 Rc6 24. Bd4 Rd6 25. Rxd6 Bxd6 26. a4 f4 27. gxf4 Bxf4+ 28. Be3 Bxh2 29. a5 h5 30. Kd1 h4 31. Ke2 h3 32. Kf1 Bd6 33. c3 Kf7 34. b4 Ke6 35. b5 Kd5 36. c4+ Kxc4 37. a6 bxa6 38. bxa6 Bb8 39. a7 Bxa7 40. Bxa7 Kd5 41. Kg1 Ke5 42. Kh2 Kf4 43. Kxh3 Kf3 44. Kh2 f5 45. Kg1 Ke2 46. Bc5 e5 47. Bd6 f4 48. Bxe5 e3 49. fxe3 f3 50. Bg3 Kxe3 51. Kf1 f2 52. Bxf2+ 1/2-1/2


[Site "https://www.chess.com"]

[Event "Titled Tuesday Blitz November 22 Late 2022"]
[White "Urbina Perez, Juan Antonio"]
[Black "Ivic, Velimir"]
[WhiteFideId "2217368"]
[BlackFideId "950122"]
[WhiteElo "2197"]
[BlackElo "2625"]
[Result "0-1"]
[Round "01"]
[TimeControl "180+1"]
[Date "2022.11.23"]
[WhiteClock "0:00:17"]
[BlackClock "0:01:30"]

1. e4 c5 2. Nf3 Nc6 3. Bb5 g6 4. Bxc6 bxc6 5. O-O Bg7 6. Re1 Qc7 7. c3 d6 8. d4 cxd4 9. cxd4 Nf6 10. Nc3 O-O 11. h3 c5 12. e5 dxe5 13. dxe5 Rd8 14. Qe2 Nd5 15. Nxd5 Rxd5 16. Bf4 Bf5 17. Rad1 Rad8 18. Rxd5 Rxd5 19. Rd1 Qd7 20. Rxd5 Qxd5 21. b3 Bd3 22. Qd2 c4 23. Ne1 Qe4 24. Nxd3 cxd3 25. f3 Qd4+ 26. Be3 Qa1+ 27. Kh2 Qxe5+ 28. f4 Qe4 29. Bxa7 Qe2 30. Be3 Bc3 31. Qxc3 Qxe3 32. Qc8+ Kg7 33. Qc3+ f6 34. Qb4 d2 0-1


[Site "https://www.chess.com"]

[Event "Titled Tuesday Blitz November 22 Late 2022"]
[White "Vargas, Mauricio"]
[Black "Manelyuk, Daniil"]
[WhiteFideId "4404572"]
[BlackFideId "44173920"]
[WhiteElo "2025"]
[BlackElo "2209"]
[Result "0-1"]
[Round "01"]
[TimeControl "180+1"]
[Date "2022.11.23"]
[WhiteClock "0:00:01"]
[BlackClock "0:00:41"]

1. e4 e6 2. f4 d5 3. e5 c5 4. Nf3 Nc6 5. Bb5 Qb6 6. Bxc6+ bxc6 7. O-O Ba6 8. Re1 c4+ 9. Kh1 Ne7 10. d4 h5 11. g3 Nf5 12. Kg2 Be7 13. c3 O-O-O 14. Nbd2 h4 15. g4 h3+ 16. Kf1 Nh4 17. Nxh4 Bxh4 18. Re3 g5 19. f5 Rdf8 20. Nf3 f6 21. exf6 Rxf6 22. Rxe6 Rxe6 23. fxe6 Qc7 24. Qe2 Rf8 25. Kg1 Qe7 26. Bd2 Kb7 27. Re1 Kb6 28. b3 cxb3 29. Qe3 bxa2 30. Ra1 Bc4 31. Nxg5 Bxg5 32. Qxg5 Qxe6 33. Qe5 Qxe5 34. dxe5 Rf1+ 35. Rxf1 Bxf1 36. Kxf1 a1=Q+ 37. Ke2 Qh1 38. Bf4 Qe4+ 39. Be3+ c5 40. Kd2 d4 41. cxd4 cxd4 0-1


[Site "https://www.chess.com"]

[Event "Titled Tuesday Blitz November 22 Late 2022"]
[White "Winterberg, Lukas"]
[Black "Melkumyan, Hrant"]
[WhiteFideId "24622702"]
[BlackFideId "13302485"]
[WhiteElo "2349"]
[BlackElo "2604"]
[Result "0-1"]
[Round "01"]
[TimeControl "180+1"]
[Date "2022.11.22"]
[WhiteClock "0:01:15"]
[BlackClock "0:01:14"]

1. d4 Nf6 2. Nf3 d5 3. c4 e6 4. Nc3 h6 5. Bf4 dxc4 6. e3 Nd5 7. Bxc4 Nxf4 8. exf4 Bd6 9. Qd2 Nd7 10. O-O Nb6 11. Bb3 a5 12. a3 Bd7 13. Rad1 O-O 14. Rfe1 Bc6 15. Ne5 Bxe5 16. fxe5 Qh4 17. g3 Qg4 18. Qf4 Qxf4 19. gxf4 Rfd8 20. Rd2 g6 21. h4 h5 22. Kh2 a4 23. Ba2 Rd7 24. Kg3 Rad8 25. Red1 Bd5 26. Nxd5 Nxd5 27. Bxd5 Rxd5 28. Kf3 Rb5 29. Rc1 c5 30. Ke4 Rxd4+ 31. Rxd4 cxd4 32. Rc2 Rb3 33. Kxd4 Rh3 34. Rc7 Rxh4 35. Ke3 Rh3+ 36. f3 Rh2 37. Rxb7 h4 38. b4 h3 39. Rc7 Ra2 40. b5 Rxa3+ 41. Kd4 Rb3 0-1


[Site "https://www.chess.com"]

[Event "Titled Tuesday Blitz November 22 Late 2022"]
[White "Wirig, Anthony"]
[Black "Vlassov, Nikolai"]
[WhiteFideId "615013"]
[BlackFideId "4103360"]
[WhiteElo "2487"]
[BlackElo "2324"]
[Result "1-0"]
[Round "01"]
[TimeControl "180+1"]
[Date "2022.11.22"]
[WhiteClock "0:00:14"]
[BlackClock "0:01:05"]

1. d4 Nf6 2. Bg5 e6 3. Nd2 h6 4. Bh4 c5 5. dxc5 Bxc5 6. e3 Nc6 7. c3 d5 8. Ngf3 O-O 9. Bd3 Be7 10. O-O Bd7 11. Qe2 Rc8 12. Rfe1 Qb6 13. Rab1 Ne8 14. Bxe7 Nxe7 15. e4 dxe4 16. Nxe4 Nd6 17. Ne5 Qc7 18. Rbd1 Nd5 19. Nxd6 Qxd6 20. c4 Nf4 21. Qe4 Nxd3 22. Rxd3 Qb4 23. Rxd7 Qxb2 24. Rxb7 Qxa2 25. h4 a5 26. Qf4 f6 27. Qg4 g5 28. Qxe6+ 1-0


[Site "https://www.chess.com"]

[Event "Titled Tuesday Blitz November 22 Late 2022"]
[White "Xiong, Jeffery"]
[Black "Araujo Sanchez, Josue"]
[WhiteFideId "2047640"]
[BlackFideId "6416896"]
[WhiteElo "2725"]
[BlackElo "2370"]
[Result "0-1"]
[Round "01"]
[TimeControl "180+1"]
[Date "2022.11.22"]
[WhiteClock "0:00:05"]
[BlackClock "0:00:10"]

1. f4 Nf6 2. Nf3 g6 3. g3 Bg7 4. Bg2 O-O 5. O-O d5 6. d3 c5 7. c3 Nc6 8. Qe1 d4 9. Na3 Nd5 10. Bd2 Re8 11. Nc4 b6 12. e4 dxe3 13. Nxe3 Bb7 14. f5 Nxe3 15. Qxe3 gxf5 16. Rae1 e6 17. Ng5 Qd7 18. Nh3 Ne5 19. Bxb7 Qxb7 20. Nf4 Rad8 21. Bc1 Ng4 22. Qe2 Nf6 23. Rf3 e5 24. Ng2 e4 25. dxe4 Rxe4 26. Be3 Rde8 27. Rxf5 Ng4 28. Qf3 Qe7 29. Bd2 Rxe1+ 30. Nxe1 Qd7 31. Rd5 Qe6 32. Ng2 Ne5 33. Qe4 f5 34. Qa4 Qxd5 35. Qxe8+ Bf8 36. Be1 Nf3+ 37. Kf2 Nxh2 38. Nf4 Ng4+ 39. Ke2 Qe4+ 40. Qxe4 fxe4 41. Nd5 Bd6 42. a4 Kf7 43. c4 Ke6 44. a5 bxa5 45. b3 h5 46. Nc3 Kf5 47. Nb5 Bb8 48. Bxa5 Bxg3 49. Nxa7 h4 50. Nc6 h3 0-1


[Site "https://www.chess.com"]

[Event "Titled Tuesday Blitz November 22 Late 2022"]
[White "Yeritsyan, Hayk"]
[Black "Gadimbayli, Abdulla"]
[WhiteFideId "13307320"]
[BlackFideId "13404938"]
[WhiteElo "2367"]
[BlackElo "2399"]
[Result "0-1"]
[Round "01"]
[TimeControl "180+1"]
[Date "2022.11.23"]
[WhiteClock "0:00:10"]
[BlackClock "0:01:55"]

1. d4 d5 2. Nf3 Nf6 3. e3 c6 4. Bd3 Bg4 5. Nbd2 Nbd7 6. c3 e5 7. dxe5 Nxe5 8. Be2 Nxf3+ 9. Bxf3 Bxf3 10. Qxf3 Bd6 11. O-O O-O 12. e4 dxe4 13. Nxe4 Nxe4 14. Qxe4 Qc7 15. g3 Rfe8 16. Qf3 Qb6 17. b3 Be5 18. Bb2 Bf6 19. Rfe1 h6 20. Rxe8+ Rxe8 21. Qd3 Qd8 22. Qc2 Qd5 23. c4 Qf3 24. Bxf6 Re2 25. Qxe2 Qxe2 26. Bd8 Kh7 27. Bc7 g5 28. c5 h5 29. h4 gxh4 30. gxh4 Kg6 31. b4 Kf5 32. Bg3 Kg4 33. Kh2 f5 34. Rg1 f4 35. Bxf4+ Kxf4 36. Rg2 Qf3 37. Kg1 Qd1+ 38. Kh2 Qf1 39. Kh3 Qh1+ 40. Rh2 Qf3# 0-1


[Site "https://www.chess.com"]